PAAA
CALGARY LYNX @ ROYSE CITY TARGARYENS
07/14/2023
 
TOP OF THE 1ST
Calgary Lynx batting - Pitching for Royse City Targaryens : LHP Jared Cox
Pitching: LHP Jared Cox
Batting: RHB Darren Tomlinson 0-0: Ground out 4-3 (Groundball, 4)
Batting: RHB John Huff 0-0: Foul Ball, location: 2F
0-1: Foul Ball, location: 2F
0-2: Strikes out swinging
Batting: LHB Rufo Flores 0-0: Called Strike
0-1: Ball
1-1: SINGLE (Line Drive, 7LS)
Batting: RHB Jian-zhang Phan 0-0: Called Strike
0-1: Ball
1-1: Fly out, F9 (Flyball, 89M)
Top of the 1st over - 0 run(s), 1 hit(s), 0 error(s), 1 left on base; Calgary 0 - Royse City 0
BOTTOM OF THE 1ST
Royse City Targaryens batting - Pitching for Calgary Lynx : RHP César Arellano
Pitching: RHP César Arellano
Batting: RHB Sancho Balderas 0-0: Ball
1-0: SINGLE (Line Drive, 34D)
Batting: LHB Eduardo Álvarez 0-0: Foul Ball, location: 2F
0-1: Ball
1-1: Ball
2-1: Ball
3-1: Foul Ball, location: 2F
3-2: Foul Ball, location: 2F
3-2: SINGLE (Groundball, 34S)
Sancho Balderas to second
Runner from 2nd tries for 3rd, SAFE, no throw or cutoff
Batting: LHB Jack Schmitt 0-0: Ball
1-0: Ball
2-0: Called Strike
2-1: Ball
3-1: Base on Balls
Eduardo Álvarez to second
Batting: LHB Carlos Álvarez 0-0: Ball
1-0: Ball
2-0: Called Strike
2-1: Foul Ball, location: 2F
2-2: Strikes out swinging
Batting: RHB José Cruz 0-0: Ball
1-0: Foul Ball, location: 2F
1-1: Ball
2-1: Ground out 5-3 (Groundball, 56S)
Sancho Balderas scores
Eduardo Álvarez to third
Jack Schmitt to second
Batting: RHB Héctor Ruíz 0-0: Called Strike
0-1: Foul Ball, location: 2F
0-2: Foul Ball, location: 2F
0-2: Foul Ball, location: 2F
0-2: Ball
1-2: SINGLE (Groundball, 56D)
Eduardo Álvarez scores
Jack Schmitt to third
Runner from 3rd tries for Home, SAFE, no throw or cutoff
Batting: RHB Andrew Weeks 0-0: Ball
1-0: Called Strike
1-1: Ball
2-1: Called Strike
2-2: SINGLE (Groundball, 56)
Héctor Ruíz to second
Batting: RHB Javier Chávez 0-0: Called Strike
0-1: Foul Ball, location: 2F
0-2: Strikes out swinging
Bottom of the 1st over - 3 run(s), 4 hit(s), 0 error(s), 2 left on base; Calgary 0 - Royse City 3
TOP OF THE 2ND
Calgary Lynx batting - Pitching for Royse City Targaryens : LHP Jared Cox
Batting: RHB Harris Harden 0-0: Ball
1-0: Ground out 5-3 (Groundball, 5S)
Batting: RHB Ray Porch 0-0: Foul Ball, location: 2F
0-1: Ball
1-1: Foul Ball, location: 2F
1-2: Foul Ball, location: 2F
1-2: Ground out 4-3 (Groundball, 4S)
Batting: SHB Todd Schenkel 0-0: Foul Ball, location: 2F
0-1: Ball
1-1: Ball
2-1: Swinging Strike
2-2: Hit by Pitch
Batting: RHB Emílio Ortíz 0-0: Ball
Throwing error on steal attempt, E2
Todd Schenkel to third
1-0: Foul Ball, location: 2F
1-1: Ball
2-1: Ball
3-1: Base on Balls
Batting: SHB Tom Craft Balk!
Todd Schenkel scores
Emílio Ortíz to second
0-0: Fly out, F8 (Flyball, 8RM)
Top of the 2nd over - 1 run(s), 0 hit(s), 1 error(s), 1 left on base; Calgary 1 - Royse City 3
BOTTOM OF THE 2ND
Royse City Targaryens batting - Pitching for Calgary Lynx : RHP César Arellano
Batting: RHB Bartolo Martínez 0-0: Fly out, F8 (Flyball, 8RM)
Batting: RHB Sancho Balderas 0-0: Ball
1-0: Ball
2-0: Ball
3-0: Base on Balls
Batting: LHB Eduardo Álvarez 0-0: Foul Ball, location: 2F
0-1: Ball
1-1: Ball
2-1: Called Strike
2-2: Ball
3-2: Ground out U3 (Groundball, 3L)
Sancho Balderas to second
Batting: LHB Jack Schmitt 0-0: Called Strike
0-1: Ball
1-1: Ball
2-1: Ball
3-1: Foul Ball, location: 2F
3-2: Strikes out swinging
Bottom of the 2nd over - 0 run(s), 0 hit(s), 0 error(s), 1 left on base; Calgary 1 - Royse City 3
TOP OF THE 3RD
Calgary Lynx batting - Pitching for Royse City Targaryens : LHP Jared Cox
Batting: RHB Darren Tomlinson 0-0: Called Strike
0-1: Ball
1-1: Foul Ball, location: 2F
1-2: Ball
2-2: Ground out 5-3 (Groundball, 6S)
Batting: RHB John Huff 0-0: Ball
1-0: Foul Ball, location: 2F
1-1: Called Strike
1-2: SINGLE (Line Drive, 34)
Batting: LHB Rufo Flores 0-0: Ball
1-0: Called Strike
1-1: Ball
2-1: Called Strike
2-2: Foul Ball, location: 2F
2-2: Strikes out swinging
Batting: RHB Jian-zhang Phan 0-0: Called Strike
0-1: Hit by Pitch
John Huff to second
Batting: RHB Harris Harden 0-0: Ball
1-0: Foul Ball, location: 2F
1-1: Ball
2-1: Foul Ball, location: 2F
2-2: Ground out 5-3 (Groundball, 56S)
Top of the 3rd over - 0 run(s), 1 hit(s), 0 error(s), 2 left on base; Calgary 1 - Royse City 3
BOTTOM OF THE 3RD
Royse City Targaryens batting - Pitching for Calgary Lynx : RHP César Arellano
Batting: LHB Carlos Álvarez 0-0: Ball
1-0: Ball
2-0: Swinging Strike
2-1: Ball
3-1: Base on Balls
Batting: RHB José Cruz 0-0: Called Strike
0-1: Foul Ball, location: 2F
0-2: Ball
1-2: Foul Ball, location: 2F
1-2: Ball
2-2: Grounds into double play, 6-4-3 (Groundball, 6M)
Batting: RHB Héctor Ruíz 0-0: Ball
1-0: Foul Ball, location: 2F
1-1: Ball
2-1: Foul Ball, location: 2F
2-2: Foul Ball, location: 2F
2-2: Ball
3-2: Base on Balls
Batting: RHB Andrew Weeks 0-0: Called Strike
Héctor Ruíz steals 2nd base
0-1: Ball
1-1: Ball
2-1: Ball
3-1: Foul Ball, location: 2F
3-2: Base on Balls
Batting: RHB Javier Chávez 0-0: Ball
1-0: Ball
2-0: Ball
3-0: Called Strike
3-1: Called Strike
3-2: Base on Balls
Héctor Ruíz to third
Andrew Weeks to second
Batting: RHB Bartolo Martínez 0-0: Fly out, F8 (Flyball, 78M)
Bottom of the 3rd over - 0 run(s), 0 hit(s), 0 error(s), 3 left on base; Calgary 1 - Royse City 3
TOP OF THE 4TH
Calgary Lynx batting - Pitching for Royse City Targaryens : LHP Jared Cox
Batting: RHB Ray Porch 0-0: Called Strike
0-1: Ball
1-1: DOUBLE (Flyball, 9LM)
Batting: SHB Todd Schenkel 0-0: Foul Ball, location: 2F
0-1: Called Strike
0-2: Foul Ball, location: 2F
0-2: Strikes out looking
Batting: RHB Emílio Ortíz 0-0: Ball
1-0: Ground out 4-3 (Groundball, 4M)
Ray Porch to third
Batting: SHB Tom Craft 0-0: Called Strike
0-1: Swinging Strike
0-2: Ball
1-2: Ball
2-2: Ground out 5-3 (Groundball, 5)
Top of the 4th over - 0 run(s), 1 hit(s), 0 error(s), 1 left on base; Calgary 1 - Royse City 3
BOTTOM OF THE 4TH
Royse City Targaryens batting - Pitching for Calgary Lynx : RHP César Arellano
Batting: RHB Sancho Balderas 0-0: Called Strike
0-1: Ball
1-1: Called Strike
1-2: SINGLE (Flyball, 9S)
Batting: LHB Eduardo Álvarez 0-0: Fly out, F8 (Flyball, 8LXD)
Runner from 1st tags up, OUT at 2nd
Batting: LHB Jack Schmitt 0-0: Ball
1-0: Called Strike
1-1: Ball
2-1: Foul Ball, location: 2F
2-2: SINGLE (Groundball, 6MD)
Batting: LHB Carlos Álvarez 0-0: 2-RUN HOME RUN (Flyball, 9LD), Distance : 455 ft
Batting: RHB José Cruz 0-0: Ball
1-0: Called Strike
1-1: Ball
2-1: Ball
3-1: Base on Balls
Pitching: RHP Millard Kessler
Batting: RHB Héctor Ruíz 0-0: Called Strike
José Cruz steals 2nd base
0-1: Ball
1-1: Foul Ball, location: 2F
1-2: Ground out 4-3 (Groundball, 4M)
Bottom of the 4th over - 2 run(s), 3 hit(s), 0 error(s), 1 left on base; Calgary 1 - Royse City 5
TOP OF THE 5TH
Calgary Lynx batting - Pitching for Royse City Targaryens : LHP Jared Cox
Batting: RHB Darren Tomlinson 0-0: Ball
1-0: Called Strike
1-1: Ball
2-1: Swinging Strike
2-2: Ball
3-2: Base on Balls
Batting: RHB John Huff 0-0: Fly out, F9 (Flyball, 89D)
Batting: LHB Rufo Flores 0-0: DOUBLE (Line Drive, 7LS)
Darren Tomlinson to third
Runner from 3rd tries for Home, SAFE, no throw or cutoff
Batting: RHB Jian-zhang Phan 0-0: SINGLE (Groundball, 4MD)
Rufo Flores to third
Batting: RHB Harris Harden 0-0: Called Strike
0-1: Fly out, F8 (Flyball, 8LD)
Runner from 3rd tags up, SCORES, no throw
Batting: RHB Ray Porch 0-0: Ball
1-0: Ball
2-0: Foul Ball, location: 2F
2-1: SINGLE (Flyball, 9LM)
Jian-zhang Phan to second
Batting: SHB Todd Schenkel 0-0: Called Strike
0-1: Ball
1-1: Ball
2-1: Ground out 5-3 (Groundball, 5)
Top of the 5th over - 2 run(s), 3 hit(s), 0 error(s), 2 left on base; Calgary 3 - Royse City 5
BOTTOM OF THE 5TH
Royse City Targaryens batting - Pitching for Calgary Lynx : RHP Millard Kessler
Batting: RHB Andrew Weeks 0-0: Ball
1-0: Fly out, F8 (Flyball, 78S)
Batting: RHB Javier Chávez 0-0: Ball
1-0: Ball
2-0: Ground out 4-3 (Groundball, 4)
Batting: RHB Bartolo Martínez 0-0: Ball
1-0: Ball
2-0: Ball
3-0: Called Strike
3-1: Base on Balls
Batting: RHB Sancho Balderas 0-0: Ball
1-0: Called Strike
1-1: Foul Ball, location: 2F
1-2: Ball
2-2: Ball
3-2: Foul Ball, location: 2F
3-2: Foul Ball, location: 2F
3-2: Strikes out looking
Bottom of the 5th over - 0 run(s), 0 hit(s), 0 error(s), 1 left on base; Calgary 3 - Royse City 5
TOP OF THE 6TH
Calgary Lynx batting - Pitching for Royse City Targaryens : LHP Jared Cox
Batting: RHB Emílio Ortíz 0-0: Ball
1-0: Called Strike
1-1: Ball
2-1: Called Strike
2-2: Strikes out swinging
Batting: SHB Tom Craft 0-0: Ball
1-0: Called Strike
1-1: Fly out, F4 (Popup, 4MD)
Batting: RHB Darren Tomlinson 0-0: Ball
1-0: SINGLE (Line Drive, 7LS)
Pitching: LHP Manuel Franco
Batting: RHB John Huff 0-0: Called Strike
0-1: Called Strike
0-2: Ball
1-2: Strikes out looking
Top of the 6th over - 0 run(s), 1 hit(s), 0 error(s), 1 left on base; Calgary 3 - Royse City 5
BOTTOM OF THE 6TH
Royse City Targaryens batting - Pitching for Calgary Lynx : RHP Millard Kessler
Batting: LHB Eduardo Álvarez 0-0: Called Strike
0-1: Called Strike
0-2: Ball
1-2: Ball
2-2: Ball
3-2: Foul Ball, location: 2F
3-2: SINGLE (Groundball, 34)
Batting: LHB Jack Schmitt 0-0: Ball
Eduardo Álvarez steals 2nd base
1-0: Ground out 3-1 (Groundball, 34)
Eduardo Álvarez to third
Batting: LHB Carlos Álvarez 0-0: Called Strike
0-1: Foul Ball, location: 2F
0-2: Ball
1-2: Ball
2-2: Fly out, F7 (Flyball, 7S)
Pitching: LHP Will Savage
Batting: RHB José Cruz 0-0: Called Strike
0-1: Ball
1-1: Ball
2-1: Foul Ball, location: 2F
2-2: Ball
3-2: Base on Balls
Batting: RHB Héctor Ruíz 0-0: Ball
Wild Pitch!
Eduardo Álvarez scores
José Cruz to second
1-0: Called Strike
1-1: Ball
2-1: Ground out 6-3 (Groundball, 6M)
Bottom of the 6th over - 1 run(s), 1 hit(s), 0 error(s), 1 left on base; Calgary 3 - Royse City 6
TOP OF THE 7TH
Calgary Lynx batting - Pitching for Royse City Targaryens : LHP Manuel Franco
Batting: LHB Rufo Flores 0-0: Called Strike
0-1: Ground out 3-1 (Groundball, 34)
Batting: RHB Jian-zhang Phan 0-0: Called Strike
0-1: Ball
1-1: Ball
2-1: Called Strike
2-2: DOUBLE (Groundball, 5D)
Batting: RHB Harris Harden 0-0: Foul Ball, location: 2F
0-1: Foul Ball, location: 2F
0-2: Foul Ball, location: 2F
0-2: Ball
1-2: Ball
2-2: Foul Ball, location: 2F
2-2: Foul Ball, location: 2F
2-2: Ball
3-2: Base on Balls
Batting: RHB Ray Porch 0-0: Ball
1-0: Ball
2-0: Ball
3-0: Base on Balls
Jian-zhang Phan to third
Harris Harden to second
Pinch Hitting: RHB David Ramírez 0-0: Swinging Strike
0-1: Ball
1-1: Ball
2-1: Swinging Strike
2-2: Foul Ball, location: 2F
2-2: Foul Ball, location: 2F
2-2: Ball
3-2: Base on Balls
Jian-zhang Phan scores
Harris Harden to third
Ray Porch to second
Batting: RHB Emílio Ortíz 0-0: Ball
1-0: Called Strike
1-1: Foul Ball, location: 2F
1-2: Ball
2-2: Ball
3-2: Fly out, F9 (Flyball, 9M)
Pitching: LHP Roberto Aguirre
Pinch Hitting: RHB António Varela 0-0: Ball
1-0: Ball
2-0: Foul Ball, location: 2F
2-1: Swinging Strike
2-2: Strikes out looking
Top of the 7th over - 1 run(s), 1 hit(s), 0 error(s), 3 left on base; Calgary 4 - Royse City 6
BOTTOM OF THE 7TH
Royse City Targaryens batting - Pitching for Calgary Lynx : LHP Will Savage
Now at 3B: David Ramírez
Now in RF: António Varela
Batting: RHB Andrew Weeks 0-0: Ball
1-0: Called Strike
1-1: Ground out 4-3 (Groundball, 4M)
Batting: RHB Javier Chávez 0-0: Ground out 4-3 (Groundball, 4M)
Batting: RHB Bartolo Martínez 0-0: Ball
1-0: Foul Ball, location: 2F
1-1: Foul Ball, location: 2F
1-2: Strikes out swinging
Bottom of the 7th over - 0 run(s), 0 hit(s), 0 error(s), 0 left on base; Calgary 4 - Royse City 6
TOP OF THE 8TH
Calgary Lynx batting - Pitching for Royse City Targaryens : LHP Roberto Aguirre
Batting: RHB Darren Tomlinson 0-0: SINGLE (Line Drive, 56)
Pitching: RHP Tom Rosas
Batting: RHB John Huff 0-0: Called Strike
0-1: Foul Ball, location: 2F
0-2: Strikes out swinging
Pitching: RHP Juan Hernández
Batting: LHB Rufo Flores 0-0: Called Strike
0-1: Ball
1-1: Ball
2-1: Fly out, F6 (Popup, 6)
Batting: RHB Jian-zhang Phan 0-0: Swinging Strike
0-1: Ball
1-1: Fly out, F7 (Flyball, 7D)
Top of the 8th over - 0 run(s), 1 hit(s), 0 error(s), 1 left on base; Calgary 4 - Royse City 6
BOTTOM OF THE 8TH
Royse City Targaryens batting - Pitching for Calgary Lynx : LHP Will Savage
Batting: RHB Sancho Balderas 0-0: Swinging Strike
0-1: Called Strike
0-2: Ball
1-2: Strikes out swinging
Pitching: RHP Clancy McKinney
Batting: LHB Eduardo Álvarez 0-0: Called Strike
0-1: Called Strike
0-2: Ball
1-2: Ball
2-2: Ball
3-2: Foul Ball, location: 2F
3-2: Strikes out swinging
Batting: LHB Jack Schmitt 0-0: Ball
1-0: Called Strike
1-1: Ball
2-1: Ball
3-1: Called Strike
3-2: Base on Balls
Batting: LHB Carlos Álvarez 0-0: Ground out 1-3 (Groundball, 15S)
Bottom of the 8th over - 0 run(s), 0 hit(s), 0 error(s), 1 left on base; Calgary 4 - Royse City 6
TOP OF THE 9TH
Calgary Lynx batting - Pitching for Royse City Targaryens : RHP Juan Hernández
Pitching: RHP Jim Price
Batting: RHB Harris Harden 0-0: Ball
1-0: Called Strike
1-1: Ball
2-1: Ball
3-1: Fly out, F4 (Popup, 13)
Batting: RHB Ray Porch 0-0: Ball
1-0: Swinging Strike
1-1: Called Strike
1-2: Ground out 6-3 (Groundball, 6M)
Batting: RHB David Ramírez 0-0: Ball
1-0: Foul Ball, location: 2F
1-1: Foul Ball, location: 2F
1-2: Ground out 5-3 (Groundball, 56S)
Top of the 9th over - 0 run(s), 0 hit(s), 0 error(s), 0 left on base; Calgary 4 - Royse City 6
This league is powered by Out of the Park Baseball, the baseball management simulation game for PC, Mac and Linux
Friday, July 8th, 2016 - OOTP Baseball 16.9 Build 39